 Dungeon Crawl Stone Soup version 0.15-a0-1004-gbf4e2e6 (console) character file.

37139 hiddentemple the Bludgeoner (level 13, -3/144 HPs)
             Began as an Ogre Gladiator on May 24, 2014.
             Was the Champion of Cheibriados.
             Slain by Donald
             ... wielding a +2,+2 long sword of electrocution
              (17 damage)
             ... on Level 1 of the Snake Pit on May 25, 2014.
             The game lasted 01:13:51 (7424 turns).

hiddentemple the Bludgeoner (Ogre Gladiator)        Turns: 7424, Time: 01:13:52

HP  -3/144       AC  6     Str 38      XL: 13   Next: 94%
MP  22/25        EV 28     Int 20 (23) God: Cheibriados [******]
Gold 720         SH  0     Dex 28      Spells:  2 memorised,  5 levels left

rFire  . . .     SeeInvis .     N - +5,+4 giant spiked club (freeze)
rCold  . . .     Clarity  .     K - +2 robe
rNeg   . . .     Conserve .     (shield restricted)
rPois  .         rCorr    .     c - +0 hat
rElec  .         rRot     .     k - +0 cloak
SustAb .         Spirit   .     (gloves unavailable)
rMut   +         Warding  .     (boots unavailable)
Gourm  .         Stasis   .     A - amulet of resist mutation
MR     ++...                    e - +4 ring of evasion
                                y - ring of protection from magic

@: invisible, very slightly contaminated, very slow, very resistant to hostile
enchantments, unstealthy
A: unfitting armour, tough skin 1
a: Bend Time, Temporal Distortion, Slouch, Step From Time, Renounce Religion


You were on level 1 of the Snake Pit.
You worshipped Cheibriados.
Cheibriados was exalted by your worship.
You were hungry.

You visited 3 branches of the dungeon, and saw 21 of its levels.

You collected 720 gold pieces.

Inventory:

Hand weapons
 d - a +2,+2 flail of protection
 D - a +0 blowgun
 N - a +5,+4 giant spiked club of freezing (weapon)
Missiles
 F - 17 curare-tipped needles
 H - 4 throwing nets (quivered)
 P - 7 needles of frenzy
Armour
 c - a +0 hat (worn)
 k - a +0 cloak (worn)
 K - a +2 robe (worn)
Magical devices
 l - a wand of confusion (17)
 r - a wand of digging (12)
 C - a wand of cold (2)
Comestibles
 a - a pear
 g - 6 bread rations
 m - an orange
 n - a rambutan
 p - 4 strawberries
 u - a choko
 J - a sausage
Scrolls
 b - a scroll of identify
 f - a scroll of remove curse
 i - a scroll of recharging
 o - a scroll of magic mapping
 q - 3 scrolls of fog
 s - 4 scrolls of teleportation
 v - 3 scrolls of blinking
 E - a scroll of silence
Jewellery
 e - a +4 ring of evasion (right hand)
 y - a ring of protection from magic (left hand)
 A - an amulet of resist mutation (around neck)
 L - a +4 ring of strength
Potions
 h - 9 potions of curing
 t - 4 potions of might
 x - a potion of lignification
 B - a potion of haste
 M - a potion of invisibility
 O - a potion of brilliance
Books
 w - a book of Envenomations

   Spells                             Type                      Level
   Spider Form                        Transmutation/Poison         3
   Alistair's Intoxication            Transmutation/Poison         4
   Olgreb's Toxic Radiance            Poison                       4
   Poisonous Cloud                    Conjuration/Poison/Air       6
Magical staves
 G - a cursed staff of cold {unknown}
Miscellaneous
 j - a box of beasts
 z - an ornate deck of war


   Skills:
 - Level 13.0 Fighting
 - Level 18.0 Maces & Flails
 - Level 2.1 Throwing
 + Level 12.6 Dodging
 * Level 8.6 Invocations


You had 5 spell levels left.
You knew the following spells:

 Your Spells              Type           Power        Failure   Level  Hunger
a - Conjure Flame         Conj/Fire      #.......     61%         3    ####...
b - Sticky Flame          Conj/Fire      #.......     99%         4    #####..


Dungeon Overview and Level Annotations

Branches:
Dungeon (12/15)              Lair (8/8) D:10         Shoals (0/5) Lair:3
  Snake (1/5) Lair:5        Slime (0/6) Lair:7
 Temple: D:4-7          Orc: D:9-12

Altars:
Cheibriados
Elyvilon
Kikubaaqudgha
Okawaru
Qazlal
Sif Muna
Xom
The Shining One
Jiyva

Annotations:
D:7 Amnesiac's ghost, average HaEn; Sigmund
Snake:1 Donald


Innate Abilities, Weirdness & Mutations

You are too large for most types of armour.
You have tough skin (AC +1).


Message History

You are very lightly contaminated with residual magic.
You hammer the black mamba like a gong!!!
The black mamba seems to slow down.
You freeze the black mamba!
You kill the black mamba!
Cheibriados thoroughly appreciates the change of pace.
Press: ? - help, v - describe, . - travel
Here: Donald, wielding a runed long sword, wearing a glowing plate armour and wearing a shield The floor.
Unknown command.
Use which ability? (? or * to list)
Okay, then.
Unknown command.
Use which ability? (? or * to list)
The flow of time bends around you.
Cheibriados rebukes Donald.
Donald seems to slow down.
You feel slightly more hungry.
Donald hits you with a runed long sword!!
* * * LOW HITPOINT WARNING * * *
You are electrocuted!
You die...

#..........#
#..##......#
#..##......##### .
#..######.#....#..
#..# ###.#.......
#..####.........###
#.........<........
#.......@..........
#.......@##.......
#...###..# #....##
#...###..# #####
#...##...#
#...##..##
#....)..#
##..##..###
#..#..[..######
#.............#


You could see Donald.

Vanquished Creatures
  Maud (Lair:5)
  Josephine (Snake:1)
  Harold (D:11)
  2 hydras
  13 death yaks
  A centaur warrior (D:11)
  Nergalle (Lair:7)
  4 hill giants
  3 griffons
  A manticore (D:9)
  A cyclops (D:11)
  5 elephants
  12 black mambas
  A gargoyle (D:10)
  3 spiny frogs
  A fire drake (Lair:5)
  Sonja (D:10)
  A basilisk (Lair:7)
  2 black mamba zombies (Snake:1)
  A shark (Lair:1)
  A wyvern (D:11)
  A hungry ghost (D:11)
  2 humans (D:11)
  21 yaks
  10 hippogriffs
  11 wolves
  Menkaure (D:4)
  7 water moccasins
  A naga (Snake:1)
  2 phantoms
  3 orc warriors
  4 ice beasts
  3 porcupines
  A naga zombie (Snake:1)
  3 ogres
  2 crocodiles
  3 boring beetles
  2 giant slugs
  4 centaurs
  A gnoll sergeant (D:8)
  A brain worm (Lair:7)
  7 giant frogs
  A water moccasin skeleton (Snake:1)
  4 scorpions
  An electric eel (Lair:1)
  3 crimson imps
  A jelly (D:11)
  2 orc priests (D:10)
  A quasit (D:8)
  A giant frog skeleton (D:11)
  A water moccasin simulacrum (Snake:1)
  9 hounds
  2 big fish
  7 orc wizards
  3 iguanas
  4 worker ants
  8 sheep
  An ogre zombie (D:7)
  A big kobold skeleton (D:10)
  A naga skeleton (Snake:1)
  A scorpion zombie (D:10)
  9 gnolls
  10 adders
  57 green rats
  A shadow imp (D:9)
  An inept feature mimic (D:5)
  3 giant mites
  A goliath beetle zombie (D:11)
  5 worms
  An iguana zombie (D:5)
  An adder skeleton (D:4)
  3 giant geckos
  2 oozes
  42 orcs
  2 ball pythons (Lair:5)
  12 bats
  A bat skeleton (D:4)
  11 goblins
  6 hobgoblins
  6 jackals
  2 quokkas
  3 giant newts
  A giant spore (D:11)
  3 kobolds
  10 rats
  A ballistomycete (D:11)
  5 fungi
  A plant (Lair:6)
399 creatures vanquished.

Vanquished Creatures (others)
  A hill giant (D:10)
  A plant (Lair:6)
2 creatures vanquished.

Grand Total: 401 creatures vanquished

Notes
Turn   | Place    | Note
--------------------------------------------------------------
     0 | D:1      | hiddentemple, the Ogre Gladiator, began the quest for the Orb.
     0 | D:1      | Reached XP level 1. HP: 22/22 MP: 1/1
   161 | D:2      | Reached XP level 2. HP: 18/29 MP: 2/2
   197 | D:2      | Reached skill level 5 in Maces & Flails
   389 | D:3      | Found a snail-covered altar of Cheibriados.
   398 | D:3      | Became a worshipper of Cheibriados the Contemplative
   412 | D:3      | Found a white marble altar of Elyvilon.
   448 | D:3      | Reached XP level 3. HP: 29/36 MP: 3/3
   491 | D:3      | Reached skill level 1 in Invocations
   600 | D:1      | Reached XP level 4. HP: 30/44 MP: 5/5
   830 | D:4      | Reached skill level 6 in Maces & Flails
   857 | D:4      | Reached XP level 5. HP: 48/50 MP: 2/6
   942 | D:4      | Noticed an ogre
   959 | D:4      | Killed an ogre
   959 | D:4      | Reached skill level 7 in Maces & Flails
   959 | D:4      | Reached XP level 6. HP: 44/59 MP: 3/9
  1112 | D:4      | Noticed Menkaure
  1126 | D:4      | Killed Menkaure
  1126 | D:4      | Reached skill level 8 in Maces & Flails
  1126 | D:4      | Reached XP level 7. HP: 4/66 MP: 3/11
  1233 | D:4      | Found a stormy altar of Qazlal.
  1252 | D:5      | Entered Level 5 of the Dungeon
  1776 | D:6      | Reached skill level 9 in Maces & Flails
  1995 | D:7      | Reached skill level 10 in Maces & Flails
  2017 | D:7      | Reached XP level 8. HP: 33/74 MP: 12/12
  2021 | D:7      | Noticed Sigmund
  2100 | D:7      | Noticed Amnesiac's ghost (average HaEn)
  2143 | D:7      | Found an ancient bone altar of Kikubaaqudgha.
  2255 | D:8      | Reached skill level 5 in Dodging
  2528 | D:7      | Found a deep blue altar of Sif Muna.
  2529 | D:7      | Found a glowing golden altar of the Shining One.
  2905 | D:9      | Acquired Cheibriados' first power
  2911 | D:9      | Noticed a manticore
  2918 | D:9      | Reached skill level 11 in Maces & Flails
  2938 | D:9      | Killed a manticore
  2938 | D:9      | Reached XP level 9. HP: 49/80 MP: 11/15
  3184 | D:10     | Entered Level 10 of the Dungeon
  3240 | D:10     | Found a staircase to the Lair.
  3240 | D:10     | Noticed an elephant
  3241 | D:10     | Noticed a hill giant
  3253 | D:10     | Killed an elephant
  3255 | D:10     | Reached skill level 5 in Invocations
  3270 | D:10     | Killed a hill giant
  3273 | D:10     | Reached skill level 12 in Maces & Flails
  3291 | Lair:1   | Entered Level 1 of the Lair of Beasts
  3393 | D:10     | Reached XP level 10. HP: 48/91 MP: 18/18
  3412 | D:10     | Reached skill level 5 in Fighting
  3549 | D:10     | Acquired Cheibriados' second power
  3832 | D:10     | Noticed a seven-headed hydra
  4010 | D:10     | Noticed a hill giant
  4021 | D:10     | Killed a hill giant
  4021 | D:10     | Reached skill level 13 in Maces & Flails
  4208 | D:10     | Noticed a hill giant
  4212 | D:10     | Noticed a gargoyle
  4220 | D:10     | Killed a hill giant
  4232 | D:10     | Killed a gargoyle
  4329 | D:11     | Noticed a centaur warrior
  4339 | D:11     | Killed a centaur warrior
  4339 | D:11     | Reached XP level 11. HP: 37/113 MP: 13/20
  4417 | D:10     | Noticed Sonja
  4418 | D:10     | Killed Sonja
  4505 | D:11     | Noticed a hill giant
  4512 | D:11     | Noticed a cyclops
  4519 | D:11     | Killed a hill giant
  4537 | D:11     | Killed a cyclops
  4619 | D:12     | Noticed a hill giant
  4631 | D:12     | Killed a hill giant
  4631 | D:12     | Reached skill level 10 in Dodging
  4705 | D:11     | Noticed Harold
  4719 | D:11     | Killed Harold
  4847 | D:11     | Found an iron altar of Okawaru.
  4853 | D:11     | Reached skill level 10 in Fighting
  4857 | D:11     | Reached skill level 14 in Maces & Flails
  5010 | Lair:1   | Noticed a black mamba
  5014 | Lair:1   | Killed a black mamba
  5110 | Lair:2   | Acquired Cheibriados' third power
  5133 | Lair:2   | Reached skill level 15 in Maces & Flails
  5260 | Lair:3   | Found a shimmering altar of Xom.
  5272 | Lair:3   | Found a staircase to the Shoals.
  5353 | Lair:3   | Reached XP level 12. HP: 24/126 MP: 22/22
  5358 | Lair:3   | Learned a level 3 spell: Conjure Flame
  5363 | Lair:3   | Learned a level 4 spell: Sticky Flame
  5891 | Lair:4   | Reached skill level 16 in Maces & Flails
  5973 | Lair:5   | Noticed a death yak
  5973 | Lair:5   | Noticed a death yak
  6011 | Lair:5   | Noticed Maud
  6023 | Lair:5   | Killed Maud
  6256 | Lair:5   | Reached skill level 17 in Maces & Flails
  6292 | Lair:5   | Noticed a death yak
  6303 | Lair:5   | Noticed a death yak
  6304 | Lair:5   | Noticed a death yak
  6307 | Lair:6   | Killed a death yak
  6332 | Lair:7   | Noticed a seven-headed hydra
  6426 | Lair:7   | Noticed Nergalle
  6431 | Lair:7   | Killed Nergalle
  6465 | Lair:7   | Killed a seven-headed hydra
  6465 | Lair:7   | Reached XP level 13. HP: 47/141 MP: 24/24
  6541 | Lair:7   | Noticed a death yak
  6542 | Lair:7   | Noticed a death yak
  6542 | Lair:7   | Noticed a death yak
  6543 | Lair:7   | Noticed a death yak
  6543 | Lair:7   | Noticed a death yak
  6553 | Lair:7   | Killed a death yak
  6555 | Lair:7   | Killed a death yak
  6557 | Lair:7   | Killed a death yak
  6564 | Lair:7   | Killed a death yak
  6569 | Lair:7   | Killed a death yak
  6601 | Lair:7   | Found a viscous altar of Jiyva.
  6602 | Lair:7   | Found a staircase to the Slime Pits.
  6657 | Lair:8   | Entered Level 8 of the Lair of Beasts
  6865 | Lair:8   | HP: 3/144 [giant slug (18)]
  7212 | Lair:5   | Found a staircase to the Snake Pit.
  7244 | Lair:5   | Killed a death yak
  7277 | Lair:5   | Killed a death yak
  7284 | Lair:5   | Killed a death yak
  7300 | Lair:5   | Killed a death yak
  7346 | Snake:1  | Entered Level 1 of the Snake Pit
  7407 | Snake:1  | Noticed Josephine
  7413 | Snake:1  | Killed Josephine
  7413 | Snake:1  | Reached skill level 18 in Maces & Flails
  7421 | Snake:1  | Noticed Donald
  7424 | Snake:1  | Slain by Donald

Action                   |  1- 3 |  4- 6 |  7- 9 | 10-12 | 13-15 || total
-------------------------+-------+-------+-------+-------+-------++-------
Melee: Flail             |    69 |   109 |   317 |   255 |       ||   750
       Giant spiked club |       |       |       |   258 |   200 ||   458
 Fire: Blowgun           |       |       |       |     1 |       ||     1
Throw: Throwing net      |     7 |       |       |     3 |       ||    10
       Large rock        |       |       |       |    16 |       ||    16
 Cast: Conjure Flame     |       |       |       |       |     2 ||     2
Invok: Bend Time         |     1 |     6 |     5 |     9 |     7 ||    28
       Temporal Distorti |       |       |       |     1 |       ||     1
       Slouch            |       |       |       |     1 |       ||     1
       Step From Time    |       |       |       |       |     1 ||     1
Evoke: Wand              |       |       |     1 |    16 |     1 ||    18
  Use: Potion            |     2 |       |     3 |     6 |     3 ||    14
       Scroll            |       |     2 |    14 |    19 |     3 ||    38
 Stab: Held in net/web   |     2 |       |       |       |       ||     2
       Sleeping          |     1 |       |     2 |     5 |     2 ||    10
       Invisible         |       |       |       |     8 |       ||     8
       Distracted        |       |       |       |       |     1 ||     1
